 Dungeon Crawl Stone Soup version 0.31-b1-18-g61460d1e46 (webtiles) character file.

Game seed: 15405332222459493814

898 NamelessAdventurer the Chopper (level 7, -4/81 HPs)
             Began as a Minotaur Fighter on Jan 17, 2024.
             Was an Initiate of Ru.
             Slain by a hornet simulacrum (10 damage)
             ... on level 5 of the Dungeon.
             The game lasted 00:09:47 (3570 turns).

NamelessAdventurer the Chopper (Minotaur Fighter)   Turns: 3570, Time: 00:09:48

Health: -4/81      AC: 23    Str: 20    XL:     7   Next: 79%
Magic:  6/6        EV:  2    Int:  7    God:    Ru [......]
Gold:   290        SH:  5    Dex: 12    Spells: 6/6 levels left

rFire   + . .        a - +1 war axe
rCold   x . .        c - +0 buckler
rNeg    . . .        b - melded +0 scale mail
rPois   +            (helmet currently unavailable)
rElec   .            (cloak currently unavailable)
rCorr   .            (gloves currently unavailable)
SInv    .            (boots currently unavailable)
Will    .....        (no amulet)
Stlth   +++          o - ring of fire
HPRegen 0.33/turn    (no ring)
MPRegen 0.10/turn

%: no passive effects
@: tree-form
A: stationary, stasis, torment immunity, boosted hp, (horns 2), (retaliatory
headbutt), thin skeletal structure 1, frail 1, evolution 1
a: Renounce Religion


You were on level 5 of the Dungeon.
You worshipped Ru.
Ru was noncommittal.
You were a tree.
You visited 2 branches of the dungeon, and saw 7 of its levels.

You collected 290 gold pieces.

Inventory:

Hand Weapons
 a - a +1 war axe (weapon)
Missiles
 f - 2 atropa-tipped darts
 k - 4 javelins (quivered)
Armour
 b - a +0 scale mail (melded)
 c - a +0 buckler (worn)
Jewellery
 j - an amulet of magic regeneration
 o - a ring of fire (left branch)
 r - a ring of poison resistance
Wands
 i - a wand of flame (25)
 l - a wand of charming (9)
Scrolls
 h - a scroll of revelation
 q - a scroll of vulnerability
 s - 2 scrolls of amnesia
Potions
 d - a potion of might
 g - a potion of brilliance
 m - a potion of degeneration


   Skills:
 * Level 5.1 Fighting
 * Level 6.4 Axes
 * Level 2.3 Throwing
 * Level 5.3 Armour
 * Level 2.4 Dodging
 * Level 2.1 Stealth
 * Level 4.9 Shields
 * Level 1.7 Evocations


You had 6 spell levels left.
You didn't know any spells.
Your spell library contained the following spells:

 Spells                   Type           Power      Damage    Failure   Level
 Apportation              Tloc           0%         N/A       50%         1
 Jinxbite                 Hex            0%         N/A       65%         2
 Stone Arrow              Conj/Erth      0%         3d7       86%         3
 Summon Ice Beast         Ice/Summ       0%         N/A       86%         3
 Iskenderun's Mystic Bla  Conj/Tloc      0%         2d3       99%         4
 Alistair's Intoxication  Alch           0%         N/A       100%        5
 Summon Mana Viper        Hex/Summ       0%         N/A       100%        5
 Monstrous Menagerie      Summ           0%         N/A       100%        7
 Summon Horrible Things   Summ           0%         N/A       100%        8


Dungeon Overview and Level Annotations

Branches:
Dungeon (6/15)             Temple (1/1) D:6

Altars:
Ashenzari
Dithmenos
Elyvilon
Fedhas
Gozag
Hepliaklqana
Kikubaaqudgha
Makhleb
Okawaru
Qazlal
Ru
Sif Muna
Uskayaw
Vehumet
Yredelemnul
The Shining One

Annotations:
D:4 2 transporters, groovy9's ghost, amateur DECj
D:5 Taul's ghost, novice MiFi


Innate Abilities, Weirdness & Mutations

You are a tree.
Your roots penetrate the ground, keeping you stationary.
You cannot be teleported.
You are immune to unholy pain and torment.
Your maximum health is greatly increased.
Your equipment is partially melded.
((You have a pair of horns on your head.))
((You reflexively headbutt those who attack you in melee.))
You have a somewhat thin skeletal structure. (Dex +2, Stealth+)
You are frail. (-10% HP)
You have hidden genetic potential.


Message History

Gang up on whom?
Press: ? - help, Dir - move target, f - killer bee simulacrum, p - howler monkey simulacrum
Aim: a killer bee simulacrum (moderately damaged) Attack!
The killer bee simulacrum hits you but does no damage.
Your howler monkey simulacrum hits the killer bee simulacrum.
Your howler monkey simulacrum freezes the killer bee simulacrum.
The killer bee simulacrum completely resists.
The hornet simulacrum hits your howler monkey simulacrum!
Your howler monkey simulacrum vaporises!
It was a potion of enlightenment.
Your roots keep you in place.
You block the killer bee simulacrum's attack.
The killer bee simulacrum hits you but does no damage.
The scorpion simulacrum hits you but does no damage.
It was a potion of mutation.
You feel extremely strange.
Your bones become slightly less dense.
You feel frail.
You feel a hidden potential growing inside you.
The killer bee simulacrum hits you but does no damage. x2
The scorpion simulacrum barely misses you.
Aiming: Charm
Press: ? - help, Shift-Dir - straight line, f/p - killer bee simulacrum
Aim: a killer bee simulacrum (heavily damaged, chance to affect: 67%)
The killer bee simulacrum is charmed.
The hornet simulacrum hits your killer bee simulacrum!
Your killer bee simulacrum vaporises!
The scorpion simulacrum hits you but does no damage.
Unknown command.
Aiming: Charm
Press: ? - help, Shift-Dir - straight line, f - scorpion simulacrum
Aim: a scorpion simulacrum (freezing vapour, chance to affect: 66%)
The scorpion simulacrum struggles to resist.
Your enlightenment fades.
You block the scorpion simulacrum's attack.
Unknown command.
Aiming: Charm
Press: ? - help, Shift-Dir - straight line, f/p - scorpion simulacrum
Aim: a scorpion simulacrum (chance to affect: 66%)
The scorpion simulacrum struggles to resist.
The hornet simulacrum hits you!
You die...

........##..##$(###...#.#
.........#...####....##.#
.........##..........#..#
..#.......#.........##..#
.....#....##.......##...#
....###....###'''###....#
...<.##................##
.....##.......##ZZ###.##
.....##.......##♣## #.#
.#.#.............# #.#
####...........### #.#
....#.)......### ###.#
....#..........####...#
.#..................###
...............######
..............>.#
...........#..(.#


You could see a hornet simulacrum and a scorpion simulacrum.

Vanquished Creatures
  A sky beast (D:6)
  3 scorpions
  2 bombardier beetles (D:5)
  2 hounds
  2 orc priests (D:6)
  A sleepcap (D:5)
  6 iguanas
  4 orc wizards
  5 adders
  2 white imps (D:6)
  2 ufetubi (D:6)
  4 dart slugs
  2 ribbon worms
  16 orcs
  2 ball pythons
  4 endoplasms
  A giant cockroach (D:3)
  3 goblins
  4 hobgoblins
  4 quokkas
  4 bats
  A frilled lizard (D:2)
  4 kobolds
  4 rats (D:2)
83 creatures vanquished.

Vanquished Creatures (others)
  A killer bee simulacrum (D:5)
  A white imp (D:5)
  A howler monkey simulacrum (D:5)
3 creatures vanquished.

Grand Total: 86 creatures vanquished

Notes
Turn   | Place    | Note
-------+----------+-------------------------------------------
     0 | D:1      | NamelessAdventurer the Minotaur Fighter began the quest for
                  | the Orb.
     0 | D:1      | Reached XP level 1. HP: 19/19 MP: 0/0
   110 | D:1      | Reached XP level 2. HP: 27/27 MP: 1/1
   285 | D:2      | Reached XP level 3. HP: 31/33 MP: 2/2
   397 | D:2      | Reached skill level 3 in Axes
   679 | D:3      | Reached XP level 4. HP: 37/40 MP: 3/3
   700 | D:3      | Found a radiant altar of Vehumet.
   750 | D:3      | Found a shimmering blue altar of Sif Muna.
   805 | D:4      | Found a basalt altar of Yredelemnul.
  1001 | D:4      | Found a shadowy altar of Dithmenos.
  1011 | D:4      | Found an ancient bone altar of Kikubaaqudgha.
  1022 | D:4      | Reached skill level 1 in Dodging
  1116 | D:4      | Found a transporter.
  1129 | D:4      | Noticed groovy9's ghost (amateur DECj)
  1159 | D:4      | Found a transporter.
  1271 | D:4      | You fall into a shaft and drop 1 floor!
  1271 | D:5      | Entered Level 5 of the Dungeon
  1271 | D:5      | Found a runed translucent gate.
  1271 | D:5      | Found a runed translucent gate.
  1271 | D:5      | Found a runed translucent gate.
  1315 | D:5      | Reached skill level 1 in Throwing
  1315 | D:5      | Reached skill level 1 in Stealth
  1315 | D:5      | Reached XP level 5. HP: 22/46 MP: 4/4
  1415 | D:5      | Noticed Taul's ghost (novice MiFi)
  1415 | D:5      | Noticed an ice beast
  1423 | D:5      | Reached skill level 4 in Axes
  1509 | D:5      | Reached XP level 6. HP: 52/53 MP: 5/5
  1696 | D:5      | Reached skill level 5 in Axes
  1696 | D:5      | Reached skill level 1 in Evocations
  2099 | D:6      | Found a staircase to the Ecumenical Temple.
  2111 | Temple   | Entered the Ecumenical Temple
  2261 | Temple   | Became a worshipper of Ru the Awakened
  2377 | D:6      | Reached skill level 5 in Armour
  2377 | D:6      | Reached XP level 7. HP: 49/60 MP: 6/6
  2681 | D:6      | Found an iron altar of Okawaru.
  2714 | D:6      | Found a hazy altar of Hepliaklqana.
  2743 | D:6      | Reached skill level 6 in Axes
  2840 | D:6      | Got Dispater's Parchment of Gathered Kinetic Energy
  2916 | D:6      | Reached skill level 5 in Fighting
  3561 | D:5      | HP: 2/61 [howler monkey simulacrum (9)]
  3567 | D:5      | Gained mutation: You have a somewhat thin skeletal
                  | structure. (Dex +2, Stealth+) [potion of mutation]
  3567 | D:5      | Gained mutation: You are frail. (-10% HP) [potion of
                  | mutation]
  3567 | D:5      | Gained mutation: You have hidden genetic potential. [potion
                  | of mutation]
  3570 | D:5      | Slain by a hornet simulacrum

Illustrated notes

Levels and vault maps discovered:
D:1:      psy_arrival_radial02, layout_basic, chequers_decorated_corner
D:2:      layout_rooms
D:3:      cheibrodos_pilgrimage, layout_rooms, vehumet_altar_wand_db,
          nicolae_sif_muna_condensation, gammafunk_temple_overflow_wave,
          minmay_misc_feat_room, st_stairs_9
D:4:      layout_loops_ring, grunt_dithmenos_smoke, general_overflow_altar,
          kiku_gazebo_pond_becter, gammafunk_ghost_stat_death
D:5:      layout_cave_pools, gammafunk_ghost_icy
D:6:      layout_basic, nicolae_hepliaklqana_hazy_memory, okawaru_gym_becter,
          minmay_temple_entry_trees
Temple:   grunt_temple_mini_profane

Skill      XL: |  1  2  3  4  5  6  7 |
---------------+----------------------+-----
Armour         | 4 5 |  5.3
Fighting       | 4 5 |  5.1
Shields        | 4 |  4.9
Axes           | 3 4 5 6 |  6.4
Dodging        | 1 2 |  2.4
Throwing       | 1 2 |  2.3
Stealth        | 1 2 |  2.1
Evocations     | 1 |  1.7

Action                     |  1- 3 |  4- 6 |  7- 9 || total
---------------------------+-------+-------+-------++-------
  Melee: War axe           |    60 |    82 |    47 ||   189
         Headbutt          |     7 |    10 |     5 ||    22
  Throw: Dart              |       |     1 |       ||     1
         Javelin           |       |    14 |     5 ||    19
  Evoke: Wand              |       |       |     5 ||     5
    Use: Scroll            |     3 |     7 |     2 ||    12
         Potion            |       |       |     4 ||     4
 Armour: Scale mail        |    46 |    91 |    47 ||   184
         Skin              |       |       |     8 ||     8
  Dodge: Dodged            |    33 |    48 |    29 ||   110
  Block: Buckler           |    15 |    17 |    20 ||    52
